 Dungeon Crawl Stone Soup version 0.31-a0-1005-gfbdfbacc72 (webtiles) character file.

Game seed: 2625216573457762878

2179436 totrandom the Slayer (level 23, 147/202 HPs)
             Began as a Minotaur Fighter on Nov 3, 2023.
             Was the Champion of Okawaru.
             Escaped with the Orb
             ... and 3 runes on Nov 10, 2023!
             The game lasted 01:44:19 (39760 turns).

totrandom the Slayer (Minotaur Fighter)            Turns: 39760, Time: 01:44:19

Health: 147/202    AC: 50    Str: 36 (37) XL:     23   Next: 82%
Magic:  32/32      EV: 16    Int:  7 (9)  God:    Okawaru [******]
Gold:   193        SH: 24    Dex: 18 (19) Spells: 22/22 levels left

rFire   + + +        a - +8 mithril axe "Arga" {speed, Will+}
rCold   . . .        R - +0 tower shield {reflect}
rNeg    + . .        y - +9 crystal plate armour of Satisfaction {rCorr SInv}
rPois   +            K - +2 hat of Courage {rF+ Int+2}
rElec   .            i - +1 cloak "Ojemnuq" {Rampage rF+}
rCorr   +            o - +2 pair of gloves
SInv    +            I - +2 pair of boots of Stoicism {*Slow rF+ Dex+8 Slay-2}
Will    +++++        Y - amulet "Nusatexe" {Will+ Regen+} Stlth
                     l - ring "Voxok" {rPois rN+ Will++ Slay+5}
HPRegen 1.33/turn    E - ring of the Noxious God {Will+ rCorr Str+6 Int+2}
MPRegen 0.23/turn

%: slow self (1%), reflection, rampage
@: no status effects
A: horns 2, retaliatory headbutt, frail 1
0: Orb of Zot
}: 3/15 runes: decaying, serpentine, silver
a: Renounce Religion, Heroism, Finesse, Duel


You escaped.
You worshipped Okawaru.
Okawaru was exalted by your worship.
You visited 9 branches of the dungeon, and saw 45 of its levels.
You also visited: Bailey, Ice Cave and Volcano.

You collected 7343 gold pieces.
You spent 7150 gold pieces at shops.

Inventory:

Hand Weapons
 a - the +8 mithril axe "Arga" (weapon) {speed, Will+}
   (Okawaru gifted it to you on level 4 of the Lair of Beasts)

   Will+:     It increases your willpower.
 b - a +5 broad axe of flaming
   (You took it off an orc warrior in a bailey)
Missiles
 g - 14 curare-tipped darts (quivered)
 j - 20 silver javelins
 Z - 3 throwing nets
Armour
 i - the +1 cloak "Ojemnuq" (worn) {Rampage rF+}
   (You found it on level 3 of the Vaults)

   rF+:       It protects you from fire.
   Rampage:   It bestows one free step when moving towards enemies.
 o - a +2 pair of gloves (worn)
   (You found it on level 4 of the Swamp)
 u - a scarf of resistance
   (You found it on level 4 of the Lair of Beasts)
 y - the +9 crystal plate armour of Satisfaction (worn) {rCorr SInv}
   (You acquired it on level 2 of the Lair of Beasts)

   SInv:      It lets you see invisible.
   rCorr:     It protects you from acid and corrosion.
 G - the +1 hat "Taynezu" {rN+ Slay+3}
   (You acquired it on level 8 of the Dungeon)

   Slay+3:    It affects your accuracy & damage with ranged weapons and melee
   (+3).
   rN+:       It protects you from negative energy.
 I - the +2 pair of boots of Stoicism (worn) {*Slow rF+ Dex+8 Slay-2}
   (You found it on level 1 of the Vaults)

   Dex+8:     It affects your dexterity (+8).
   Slay-2:    It affects your accuracy & damage with ranged weapons and melee
   (-2).
   rF+:       It protects you from fire.
   *Slow:     It may slow you when you take damage.
 K - the +2 hat of Courage (worn) {rF+ Int+2}
   (You acquired it on level 4 of the Realm of Zot)

   Int+2:     It affects your intelligence (+2).
   rF+:       It protects you from fire.
 R - a +0 tower shield of reflection (worn)
   (You took it off a naga warrior on level 4 of the Snake Pit)
 W - the +2 ratskin cloak {*Rats rPois rN+ Str-1 Int-1 Dex+1}
   (Okawaru gifted it to you on level 4 of the Lair of Beasts)

   *Rats:     When the wearer is hurt, rats may emerge from it to assist them.
   Str-1:     It affects your strength (-1).
   Int-1:     It affects your intelligence (-1).
   Dex+1:     It affects your dexterity (+1).
   rPois:     It protects you from poison rN+: It protects you from negative
   energy.
Jewellery
 l - the ring "Voxok" (left hand) {rPois rN+ Will++ Slay+5}
   (You bought it in a shop on level 5 of the Vaults)

   [ring of poison resistance]

   Slay+5:    It affects your accuracy & damage with ranged weapons and melee
   (+5).
   rPois:     It protects you from poison rN+: It protects you from negative
   energy.
   Will++:    It greatly increases your willpower.
 E - the ring of the Noxious God (right hand) {Will+ rCorr Str+6 Int+2}
   (You bought it in a shop on level 5 of the Vaults)

   [ring of strength]

   Str+6:     It affects your strength (+6).
   Int+2:     It affects your intelligence (+2).
   Will+:     It increases your willpower.
   rCorr:     It protects you from acid and corrosion.
 S - the ring "Rump" {rPois Will+}
   (You bought it in a shop on level 3 of the Snake Pit)

   [ring of willpower]

   rPois:     It protects you from poison Will+: It increases your willpower.
 Y - the amulet "Nusatexe" (around neck) {Will+ Regen+}
   (You bought it in a shop on level 2 of the Snake Pit)

   [amulet of regeneration]

   Will+:     It increases your willpower.
   Regen+:    It increases your rate of health regeneration.
Wands
 p - a wand of polymorph (18)
   (You took it off Crazy Yiuf on level 3 of the Dungeon)
 v - a wand of paralysis (28)
   (You found it on level 2 of the Swamp)
 M - a wand of iceblast (33)
   (You found it on level 9 of the Dungeon)
 P - a wand of light (23)
   (You found it on level 12 of the Dungeon)
 T - a wand of mindburst (12)
   (You found it on level 3 of the Lair of Beasts)
Scrolls
 c - a scroll of revelation
 f - 3 scrolls of poison
 r - a scroll of torment
 t - 14 scrolls of teleportation
 z - a scroll of blinking
 A - 11 scrolls of fog
 B - 5 scrolls of enchant armour
 H - 8 scrolls of noise
 L - 3 scrolls of fear
 Q - 5 scrolls of immolation
Potions
 d - 2 potions of might
 e - 4 potions of lignification
 h - 14 potions of haste
 k - 7 potions of cancellation
 m - 3 potions of attraction
 n - 3 potions of resistance
 q - 14 potions of curing
 s - 5 potions of berserk rage
 w - 12 potions of heal wounds
 C - 8 potions of mutation
 F - 4 potions of magic
 O - 4 potions of enlightenment
 U - 4 potions of ambrosia
 V - 5 potions of invisibility
Miscellaneous
 x - a tin of tremorstones (2/2)
   (You found it on level 4 of the Swamp)
 D - a lightning rod (4/4)
   (You found it in an ice cave)
 J - a phial of floods
   (You found it in a bailey)


   Skills:
 * Level 22.7 Fighting
 - Level 18.0 Axes
 * Level 8.9 Throwing
 * Level 22.7 Armour
 + Level 15.3 Dodging
 * Level 22.6 Shields
 - Level 14.2 Invocations
 + Level 11.9 Evocations


You had 22 spell levels left.
You didn't know any spells.
Your spell library contained the following spells:

 Spells                   Type           Power      Damage    Failure   Level
 Freeze                   Ice            0%         1d3       97%         1
 Kiss of Death            Conj/Necr      0%         2d5       97%         1
 Necrotise                Necr           0%         1d4       97%         1
 Sandblast                Erth           0%         2d4       97%         1
 Shock                    Conj/Air       0%         1d3       97%         1
 Slow                     Hex            0%         N/A       97%         1
 Blink                    Tloc           0%         N/A       99%         2
 Lesser Beckoning         Tloc           0%         N/A       99%         2
 Passwall                 Tmut/Erth      0%         N/A       99%         2
 Scorch                   Fire           0%         2d5       99%         2
 Confusing Touch          Hex            0%         N/A       100%        3
 Frozen Ramparts          Ice            0%         1d1       100%        3
 Gell's Gravitas          Tloc           0%         N/A       100%        3
 Hailstorm                Conj/Ice       0%         3d3       100%        3
 Ignite Poison            Fire/Tmut/Pois 0%         N/A       100%        3
 Ozocubu's Armour         Ice            0%         N/A       100%        3
 Sigil of Binding         Hex            0%         N/A       100%        3
 Stone Arrow              Conj/Erth      0%         3d7       100%        3
 Swiftness                Air            0%         N/A       100%        3
 Teleport Other           Tloc           0%         N/A       100%        3
 Vampiric Draining        Necr           0%         2d6       100%        3
 Volatile Blastmotes      Fire/Tloc      0%         2d10      100%        3
 Airstrike                Air            0%         2d(0-16)  100%        4
 Brom's Barrelling Bould  Conj/Erth      0%         2d3       100%        4
 Cause Fear               Hex            0%         N/A       100%        4
 Dimensional Bullseye     Hex/Tloc       0%         N/A       100%        4
 Dispel Undead            Necr           0%         3d6       100%        4
 Flame Wave               Conj/Fire      0%         2d4       100%        4
 Fulminant Prism          Conj/Hex       0%         3d5       100%        4
 Iskenderun's Mystic Bla  Conj/Tloc      0%         2d3       100%        4
 Leda's Liquefaction      Hex/Erth       0%         N/A       100%        4
 Manifold Assault         Tloc           0%         N/A       100%        4
 Olgreb's Toxic Radiance  Pois           0%         N/A       100%        4
 Sticky Flame             Conj/Fire      0%         2d3       100%        4
 Agony                    Necr           0%         N/A       100%        5
 Alistair's Intoxication  Tmut/Pois      0%         N/A       100%        5
 Borgnjor's Vile Clutch   Necr/Erth      0%         N/A       100%        5
 Fireball                 Conj/Fire      0%         3d3       100%        5
 Metabolic Englaciation   Hex/Ice        0%         N/A       100%        5
 Eringya's Noxious Bog    Tmut/Pois      0%         4d6       100%        6
 Discord                  Hex            0%         N/A       100%        8
 Ignition                 Fire           0%         3d3       100%        8
 Call Canine Familiar     Summ           Unusable   N/A       N/A         3
 Summon Forest            Summ/Tloc      Unusable   N/A       N/A         5
 Simulacrum               Ice/Necr       Unusable   N/A       N/A         6
 Summon Cactus Giant      Summ           Unusable   N/A       N/A         6
 Summon Hydra             Summ           Unusable   N/A       N/A         7
 Dragon's Call            Summ           Unusable   N/A       N/A         9

Dungeon Overview and Level Annotations

Branches:
Dungeon (15/15)            Temple (1/1) D:4            Lair (5/5) D:11
  Swamp (4/4) Lair:2        Snake (4/4) Lair:3        Slime (0/5) Lair:5
    Orc (2/2) D:10            Elf (0/3) Orc:2        Vaults (5/5) D:14
  Crypt (0/3) Vaults:2     Depths (4/4) D:15            Zot (5/5) Depths:4
 Bailey (visited)           IceCv (visited)         Volcano (visited)

Altars:
Ashenzari
Cheibriados
Dithmenos
Elyvilon
Fedhas
Gozag
Hepliaklqana
Kikubaaqudgha
Makhleb
Nemelex Xobeh
Okawaru
Qazlal
Ru
Sif Muna
Trog
Uskayaw
Vehumet
Wu Jian
Xom
Yredelemnul
Zin
The Shining One
Jiyva
Lugonu

Shops:
D:7 !   D:8 [   D:9 *   Orc:1 =   Orc:2 ([*(   Snake:2 =*   Snake:3 =*![
Vaults:5 =!?=!!!=?!   Depths:4 !

Portals:
Hell: Depths:1 Depths:2 Depths:4
Abyss: Lair:5
Ziggurat: Depths:4

Annotations:
Lair:1 3 runed translucent doors, Dirtsage's ghost, journeyman OpSh
Swamp:1 Roxanne
Zot:3 1 transporter


Innate Abilities, Weirdness & Mutations

You have a pair of horns on your head.
You reflexively headbutt those who attack you in melee.
You are frail. (-10% HP)


Message History

You climb upwards.
There is a stone staircase leading down here.
There is a huge open gate here.
There is a huge open gate here.
There is a huge open gate here.
There is a huge open gate here.
An Orb Guardian comes into view.
The Orb Guardian attacks as it pursues you!
You block the Orb Guardian's attack.
There is a stone staircase leading up here.
You slice the Orb Guardian!!
The Orb Guardian is moderately wounded.
The Orb Guardian hits you.
You slice the Orb Guardian!!
The Orb Guardian is severely wounded.
You slice the Orb Guardian!!
The Orb Guardian is almost dead.
The Orb Guardian hits you but does no damage.
You carve the Orb Guardian like a ham!!!
You kill the Orb Guardian!
Okawaru accepts your kill.
You feel your strength returning.
You climb upwards.
There is a stone staircase leading down here.
HP restored.
You see here 4 stones.
A hellion comes into view.
The hellion gestures at you.
The sphere of damnation explodes!
The damnation engulfs you!
The damnation engulfs the hellion.
The hellion completely resists.
The hellion gestures at you.
The sphere of damnation explodes!
The damnation engulfs you!!
The damnation engulfs the hellion.
The hellion completely resists.
The hellion gestures at you.
The sphere of damnation explodes!
The damnation engulfs you!!
The damnation engulfs the hellion.
The hellion completely resists.
You block the hellion's attack.
There is a staircase leading out of the dungeon here.
You block the hellion's attack.
You have escaped!

#....○○°○..........#
###...°.....##.....#
#..#$..#..############
#.........# #.....
########.........#
#.####
#......#..#...#..# #.#
#.######.........# #.#
#.# #...2.....# #.#
#.# #....@....# #.#
#.# ############ #.#
#.########........#
#.#
#.......>..###....#
#.# #.##########
##.#.# #.# #####.#
#.#.######.# ......#
#>#........# ..###.#
#.##########
......#############.#


You could see a hellion.

Vanquished Creatures
  An ancient lich (Vaults:1)
  Mara (Swamp:3)
  A juggernaut (Depths:3)
  the Lernaean hydra (Swamp:4)
  Saint Roka (Orc:2)
  Vashnia (Snake:4)
  A curse toe (Zot:4)
  3 golden dragons
  4 tentacled monstrosities
  The ghost of JaaP the Unforgettable, an adept GnEE of Hepliaklqana (Vaults:1)
  An Ice Fiend (D:9)
  A walking crystal tome (Zot:1)
  Rupert (Lair:4)
  6 Orb Guardians
  3 quicksilver dragons
  A walking earthen tome (Zot:1)
  3 walking divine tomes
  4 titans (Vaults:5)
  2 walking frostbound tomes (Zot:1)
  An ancient champion (Vaults:2)
  2 Executioners
  6 sphinxes
  3 death cobs
  7 tengu reavers
  A draconian monk (Depths:3)
  Kirke (Lair:3)
  5 shadow dragons
  8 storm dragons
  3 azure jellies (IceCv)
  3 draconian knights
  6 nagarajas
  9 fire giants
  A rockslime (IceCv)
  2 frost giants
  2 iron dragons
  3 draconian shifters
  11 vault wardens
  8 draconian scorchers
  Louise (Snake:2)
  2 narguns (Zot:1)
  A ghost moth (Zot:4)
  3 war gargoyles (Vaults:5)
  A spriggan defender (Depths:3)
  An orc warlord (Vaults:1)
  21 ironbound preservers
  6 draconian annihilators
  A draconian stormcaller (Zot:5)
  16 stone giants
  7 ironbound thunderhulks
  4 quicksilver oozes (IceCv)
  A formless jellyfish (Vaults:2)
  A broodmother (shapeshifter) (Depths:3)
  The ghost of Deit the Severer, a journeyman MiBe of Trog (D:13)
  A deep elf demonologist (Vaults:2)
  13 very ugly things
  2 vampire knights (Vaults:2)
  6 green draconians
  6 purple draconians
  3 eleionomae (Swamp:2)
  A minotaur (shapeshifter) (Vaults:5)
  13 dire elephants
  7 red draconians
  5 white draconians
  2 black draconians
  4 spark wasps
  7 yellow draconians
  Snorg (Orc:2)
  2 bunyips (Swamp:3)
  2 deep elf death magi (Vaults:5)
  5 ettins
  An eidolon (Vaults:1)
  A green death (D:4)
  8 fire dragons
  An entropy weaver (shapeshifter) (Vaults:5)
  Harold (Orc:1)
  5 great orbs of eyes
  3 entropy weavers
  16 yaktaur captains
  31 vault guards
  3 ice dragons
  Erolcha (Orc:2)
  Fannar (Lair:1)
  4 ogre magi (Vaults:5)
  17 hydras
  A sphinx zombie (D:15)
  11 ironbound frosthearts
  A catoblepas (D:14)
  2 salamander tyrants (Snake:4)
  2 death knights (D:13)
  2 ghost crabs
  The ghost of Maratek the Thaumaturge, a journeyman DjFE of Yredelemnul (D:11)
  10 centaur warriors
  9 alligators
  7 two-headed ogres
  14 anacondas
  A jorogumo (shapeshifter) (Vaults:2)
  6 death yaks (Lair:5)
  11 naga warriors
  9 boulder beetles
  A dancing weapon (Zot:1)
  6 deep troll shamans
  A death scarab (Depths:3)
  5 tengu warriors
  8 deep troll earth magi
  A vampire mage (D:15)
  12 orc high priests
  4 spriggan berserkers
  6 naga sharpshooters
  Urug (Orc:1)
  7 shock serpents
  A sun demon (D:8)
  2 thrashing horrors (Lair:5)
  A hell knight (D:14)
  4 skeletal warriors
  A deep elf knight (Snake:2)
  Nergalle (Lair:3)
  5 iron trolls
  A shadow wraith (Vaults:1)
  4 salamander mystics (Snake:4)
  8 goliath frogs
  5 spriggan druids
  A skyshark (Vaults:2)
  44 deep trolls
  A shadow demon (D:5)
  A deep troll (shapeshifter) (Vaults:3)
  A flayed ghost (D:13)
  4 naga ritualists
  15 bog bodies
  A deep elf archer (Snake:2)
  10 swamp dragons
  5 phantasmal warriors
  2 orange crystal statues (IceCv)
  3 harpies (Vaults:1)
  2 glowing orange brains
  16 lindwurms
  6 arcanists
  14 ironbound convokers
  2 deep elf pyromancers (D:13)
  44 ugly things
  5 necromancers
  5 orc sorcerers
  A will-o-the-wisp (Swamp:2)
  A fire giant zombie (Vaults:5)
  A glowing shapeshifter (Vaults:5)
  14 mana vipers
  A cyclops (shapeshifter) (Vaults:5)
  A faun (shapeshifter) (Vaults:3)
  8 orc knights
  A wolf spider (D:15)
  4 cyclopes
  15 moths of wrath
  11 salamanders
  2 manticores (D:13)
  2 spectral centaurs (D:13)
  11 guardian serpents (Snake:4)
  12 vault sentinels
  8 cane toads
  An ice statue (Swamp:4)
  8 naga magi
  20 elephants
  A gargoyle (D:13)
  A torpor snail (Lair:5)
  38 black mambas
  A yaktaur zombie (Vaults:5)
  4 smoke demons
  13 komodo dragons
  2 efreet
  2 rime drakes
  30 yaktaurs
  3 freezing wraiths
  A red devil (D:10)
  7 tengu conjurers
  A polar bear (Lair:5)
  A bloated husk (Swamp:1)
  3 meliai (D:15)
  6 trolls
  A tarantella (shapeshifter) (Vaults:5)
  Grinder (D:3)
  11 hornets
  18 blink frogs
  9 tyrant leeches
  A spriggan zombie (D:15)
  A glass eye (shapeshifter) (Vaults:5)
  2 raiju
  28 slime creatures
  3 ynoxinuls (Lair:5)
  A meliai zombie (D:13)
  4 wyverns
  A vampire (D:11)
  15 spriggans
  A shadow (D:10)
  61 yaks
  A spriggan (shapeshifter) (D:13)
  2 wyverns (shapeshifter)
  5 humans (Lair:3)
  3 wraiths
  8 basilisks
  A golden eye (D:3)
  A hog (Lair:3)
  A neqoxec (D:3)
  3 redbacks (Vaults:4)
  18 vampire mosquitoes
  A chaos spawn (Lair:5)
  4 steam dragons (Volcano)
  8 wargs
  27 nagas
  11 swamp worms
  5 great orb of eyes simulacra (IceCv)
  3 acid dragons
  24 water moccasins
  3 hell hounds (Volcano)
  A glowing shapeshifter skeleton (Vaults:5)
  4 large abominations (Lair:5)
  9 swamp drakes
  A sky beast (D:6)
  21 orc warriors
  A black bear (D:7)
  An elf simulacrum (Vaults:5)
  9 wolves
  4 boggarts (Vaults:3)
  6 ogres
  2 human skeletons (Vaults:5)
  3 slime creature simulacra (IceCv)
  13 centaurs
  6 kobold brigands
  7 small abominations (Lair:5)
  12 bullfrogs
  2 glowing shapeshifter simulacra (IceCv)
  A scorpion (D:6)
  15 wights
  A human simulacrum (Vaults:5)
  3 howler monkeys (D:10)
  An electric eel (D:9)
  6 hounds
  40 orc priests
  6 jellies
  3 sleepcaps (D:3)
  2 gnoll boudas
  Crazy Yiuf (D:3)
  Ijyb (D:3)
  Terence (D:2)
  3 iguanas (D:4)
  28 orc wizards
  9 hell rats
  10 gnolls
  5 adders
  A shadow imp (D:7)
  2 ufetubi (D:6)
  3 worms
  106 orcs
  2 ball pythons
  4 endoplasms
  4 giant cockroaches
  5 goblins
  9 hobgoblins
  2 jackals (D:4)
  4 quokkas
  2 bats
  15 kobolds
  6 rats
1639 creatures vanquished.

Vanquished Creatures (others)
  A spriggan druid (Swamp:4)
  A deep troll (Depths:4)
  An unseen horror (D:11)
  3 bloated husks
  10 foxfires (Swamp:2)
16 creatures vanquished.

Grand Total: 1655 creatures vanquished

Notes
Turn   | Place    | Note
-------+----------+-------------------------------------------
     0 | D:1      | totrandom the Minotaur Fighter began the quest for the Orb.
     0 | D:1      | Reached XP level 1. HP: 19/19 MP: 0/0
   612 | D:1      | Reached XP level 2. HP: 27/27 MP: 1/1
   830 | D:2      | Noticed Terence
   837 | D:2      | Killed Terence
   838 | D:2      | Reached XP level 3. HP: 13/33 MP: 2/2
  1063 | D:2      | Found a faded altar of an unknown god.
  1157 | D:2      | Found a shimmering altar of Xom.
  1376 | D:3      | Reached skill level 1 in Dodging
  1441 | D:3      | Noticed Ijyb
  1455 | D:3      | Killed Ijyb
  1456 | D:3      | Reached XP level 4. HP: 41/41 MP: 3/3
  1820 | D:3      | Reached XP level 5. HP: 41/47 MP: 4/4
  1871 | D:3      | Noticed Grinder
  1875 | D:3      | Killed Grinder
  1876 | D:3      | Reached skill level 5 in Fighting
  1876 | D:3      | Reached skill level 5 in Armour
  1876 | D:3      | Reached skill level 5 in Shields
  1876 | D:3      | Reached XP level 6. HP: 51/56 MP: 5/5
  2175 | D:3      | Found a runed translucent door.
  2176 | D:3      | Noticed Crazy Yiuf
  2242 | D:3      | Found a faded altar of an unknown god.
  2250 | D:3      | Found a broken altar of Ashenzari.
  2359 | D:3      | Killed Crazy Yiuf
  2437 | D:4      | Reached XP level 7. HP: 53/61 MP: 6/6
  2503 | D:4      | Reached skill level 5 in Axes
  2655 | D:4      | Found a staircase to the Ecumenical Temple.
  2710 | Temple   | Entered the Ecumenical Temple
  2941 | D:4      | Found a hazy altar of Hepliaklqana.
  3014 | D:5      | Entered Level 5 of the Dungeon
  3216 | D:5      | Reached XP level 8. HP: 71/71 MP: 7/7
  3325 | D:5      | Identified the +0 ring mail "Bavvo" {Regen+ rCorr Int+2}
  3939 | D:6      | Reached XP level 9. HP: 67/79 MP: 8/8
  4292 | D:7      | Found Boyvay's Distillery.
  4295 | D:7      | Bought a potion of mutation for 104 gold pieces
  4295 | D:7      | Bought a potion of degeneration for 13 gold pieces
  4295 | D:7      | Bought a potion of heal wounds for 65 gold pieces
  4468 | D:7      | Noticed a two-headed ogre
  4483 | D:7      | HP: 2/81 [two-headed ogre/+0 dire flail (10)]
  4485 | D:7      | Killed a two-headed ogre
  4759 | D:7      | Noticed a boulder beetle
  4786 | D:7      | Killed a boulder beetle
  4787 | D:7      | Reached skill level 5 in Dodging
  5144 | D:8      | Found a flagged portal.
  5158 | Bailey   | Entered a bailey
  5188 | Bailey   | Reached XP level 10. HP: 58/90 MP: 9/9
  5547 | Bailey   | Found a bloodstained altar of Trog.
  6047 | D:8      | Found Memegh's Armour Boutique.
  6055 | D:8      | Bought the +2 hat of the Bear Spirit {Spirit, Bear, *Rage
                  | Will++} for 383 gold pieces
  6055 | D:8      | Found the +2 hat of the Bear Spirit {Spirit, Bear, *Rage
                  | Will++}
  6252 | D:8      | Identified a scroll of acquirement
  7053 | D:9      | Found Keubboupt's Serpentskin Sales.
  7066 | D:9      | Bought 2 curare-tipped darts for 31 gold pieces
  7552 | D:10     | Entered Level 10 of the Dungeon
  7571 | D:10     | Reached skill level 10 in Armour
  7581 | D:10     | Found a staircase to the Orcish Mines.
  7588 | D:10     | Reached skill level 10 in Shields
  7594 | D:10     | Reached skill level 10 in Fighting
  7632 | D:10     | Noticed a two-headed ogre
  7639 | D:10     | Killed a two-headed ogre
  7750 | D:10     | Found an iron altar of Okawaru.
  7843 | D:10     | Became a worshipper of Warmaster Okawaru
  8117 | D:10     | Reached XP level 11. HP: 100/100 MP: 10/10
  8346 | D:11     | Reached skill level 10 in Axes
  8348 | D:11     | Reached skill level 1 in Invocations
  8419 | D:11     | Found a staircase to the Lair.
  8447 | D:11     | Noticed a two-headed ogre
  8457 | D:11     | Killed a two-headed ogre
  8457 | D:11     | Reached * piety under Okawaru
  8565 | D:11     | Found a transporter.
  8574 | D:11     | Reached skill level 1 in Evocations
  8586 | D:11     | Noticed a boulder beetle
  8593 | D:11     | Found a transporter.
  8599 | D:11     | Noticed a two-headed ogre
  8600 | D:11     | Noticed a two-headed ogre
  8610 | D:11     | Killed a two-headed ogre
  8700 | D:11     | Reached ** piety under Okawaru
  8746 | D:11     | Noticed Maratek's ghost (journeyman DjFE)
  8750 | D:11     | Noticed a centaur warrior
  9155 | D:11     | Killed Maratek's ghost
  9165 | D:11     | Killed a two-headed ogre
  9362 | D:11     | Killed a centaur warrior
  9362 | D:11     | Reached *** piety under Okawaru
  9372 | D:11     | Killed a boulder beetle
  9433 | D:12     | Noticed a tengu warrior
  9449 | D:12     | Killed a tengu warrior
  9518 | D:12     | Reached **** piety under Okawaru
  9555 | D:12     | Reached XP level 12. HP: 101/110 MP: 11/13
  9594 | D:12     | Noticed a two-headed ogre
  9598 | D:12     | Killed a two-headed ogre
  9903 | D:12     | You fall into a shaft and drop 3 floors!
  9903 | D:15     | Entered Level 15 of the Dungeon
  9914 | D:14     | Noticed a boulder beetle
  9924 | D:14     | Killed a boulder beetle
  9938 | D:14     | Noticed a boulder beetle
  9940 | D:14     | Noticed a centaur warrior
  9943 | D:14     | Noticed a boulder beetle
  9957 | D:14     | Killed a centaur warrior
  9957 | D:14     | Reached ***** piety under Okawaru
  9968 | D:14     | Killed a boulder beetle
  9968 | D:14     | Received a gift from Okawaru
  9971 | D:14     | Killed a boulder beetle
  9986 | D:15     | Noticed a centaur warrior
 10198 | D:14     | Reached skill level 5 in Invocations
 10533 | D:14     | Noticed a tengu warrior
 10576 | D:13     | Identified the +5 ring mail of the Hot Ocelot {rF- rC+ MP+9
                  | Int+3}
 10798 | D:12     | Received a gift from Okawaru
 11096 | D:13     | Found a transporter.
 11096 | D:13     | Found a transporter.
 11096 | D:13     | Noticed Deit's ghost (journeyman MiBe)
 11148 | Lair:1   | Identified the "Ureepn"
 11148 | Lair:1   | Entered Level 1 of the Lair of Beasts
 11220 | Lair:1   | Reached XP level 13. HP: 106/119 MP: 13/16
 11495 | Lair:1   | Found a runed translucent gate.
 11495 | Lair:1   | Found a runed translucent gate.
 11495 | Lair:1   | Found a runed translucent gate.
 11496 | Lair:1   | Noticed Dirtsage's ghost (journeyman OpSh)
 12221 | Lair:2   | Noticed Fannar
 12238 | Lair:1   | Killed Fannar
 12238 | Lair:1   | Received a gift from Okawaru
 12394 | Lair:2   | Acquired the +1 hat "Taynezu" {rN+ Slay+3}
 12396 | Lair:2   | Acquired the +9 crystal plate armour of Satisfaction {rCorr
                  | SInv}
 12870 | Lair:2   | Found a staircase to the Swamp.
 13266 | Lair:3   | Noticed Nergalle
 13278 | Lair:3   | Killed Nergalle
 13278 | Lair:3   | Reached ****** piety under Okawaru
 13278 | Lair:3   | Received a gift from Okawaru
 13283 | Lair:3   | Upgraded the game from 0.31-a0-986-g5e6e4ef867 to
                  | 0.31-a0-995-g04711c9635
 13413 | Lair:3   | Noticed Kirke
 13423 | Lair:3   | Killed Kirke
 13577 | Lair:3   | Found a staircase to the Snake Pit.
 13706 | Lair:3   | You fall into a shaft and drop 1 floor!
 13840 | Lair:4   | Received a gift from Okawaru
 13851 | Lair:4   | Acquired the +8 mithril axe "Arga" {speed, Will+}
 13851 | Lair:4   | Received a gift from Okawaru
 13851 | Lair:4   | Found the +8 mithril axe "Arga" {speed, Will+}
 13858 | Lair:4   | Reached XP level 14. HP: 115/129 MP: 16/18
 13858 | Lair:4   | Acquired the +2 ratskin cloak {*Rats rPois rN+ Str-1 Int-1
                  | Dex+1}
 13858 | Lair:4   | Received a gift from Okawaru
 13858 | Lair:4   | Found the +2 ratskin cloak {*Rats rPois rN+ Str-1 Int-1
                  | Dex+1}
 14050 | Lair:4   | Noticed Rupert
 14068 | Lair:4   | Killed Rupert
 14069 | Lair:4   | Reached skill level 5 in Evocations
 14183 | Lair:4   | Identified the +6 broad axe of Corporal Punishment {holy,
                  | Str+6}
 14727 | Lair:5   | Entered Level 5 of the Lair of Beasts
 14757 | Lair:5   | Found a dark tunnel.
 14764 | Volcano  | Entered a volcano
 15044 | Volcano  | Reached skill level 15 in Axes
 15044 | Volcano  | Reached XP level 15. HP: 137/137 MP: 19/19
 15045 | Volcano  | Reached XP level 16. HP: 145/145 MP: 20/20
 15486 | Lair:5   | Received a gift from Okawaru
 16073 | Lair:5   | Found a viscous altar of Jiyva.
 16073 | Lair:5   | Found a staircase to the Slime Pits.
 16259 | Lair:5   | Received a gift from Okawaru
 16534 | Lair:5   | Found a corrupted altar of Lugonu.
 16534 | Lair:5   | Found a one-way gate to the infinite horrors of the Abyss.
 16838 | Orc:1    | Entered Level 1 of the Orcish Mines
 16846 | Orc:1    | Noticed Harold
 16861 | Orc:1    | Killed Harold
 16939 | Orc:1    | Found Zoompac's Jewellery Shop.
 17149 | Orc:1    | Noticed Urug
 17160 | Orc:1    | Killed Urug
 17470 | Orc:2    | Entered Level 2 of the Orcish Mines
 17594 | Orc:2    | Found a staircase to the Elven Halls.
 17617 | Orc:2    | Noticed Snorg
 17629 | Orc:2    | Killed Snorg
 17663 | Orc:2    | Noticed Erolcha
 17671 | Orc:2    | Killed Erolcha
 17736 | Orc:2    | Noticed Saint Roka
 17746 | Orc:2    | Received a gift from Okawaru
 18003 | Orc:2    | Reached XP level 17. HP: 148/154 MP: 22/22
 18144 | Orc:2    | Found Daluqa's General Store.
 18155 | Orc:2    | Found Ceovamm's Weapon Emporium.
 18247 | Orc:2    | Bought a potion of invisibility for 112 gold pieces
 18247 | Orc:2    | Bought a scroll of identify for 28 gold pieces
 18297 | Orc:2    | Killed Saint Roka
 18429 | Orc:2    | Found Buvvoff's Weapon Boutique.
 18452 | Orc:2    | Found Deweskesh's Armour Emporium.
 18573 | Orc:2    | Bought a +7 war axe of flaming for 779 gold pieces
 19044 | D:15     | Reached skill level 15 in Fighting
 19048 | D:15     | Received a gift from Okawaru
 19061 | D:15     | Reached skill level 15 in Armour
 19061 | D:15     | Reached skill level 10 in Dodging
 19074 | D:15     | Found a staircase to the Depths.
 19096 | D:15     | Reached skill level 15 in Shields
 19555 | Snake:4  | Identified the "Fuagued"
 19555 | Swamp:1  | Entered Level 1 of the Swamp
 19670 | Swamp:1  | Received a gift from Okawaru
 19853 | Swamp:1  | Noticed Roxanne
 20345 | Swamp:2  | Reached skill level 10 in Invocations
 20494 | Swamp:2  | Received a gift from Okawaru
 20990 | Swamp:3  | Noticed Mara
 21325 | Swamp:3  | Noticed totrandom's illusion
 21333 | Swamp:3  | Killed Mara
 21333 | Swamp:3  | Received a gift from Okawaru
 21457 | Swamp:4  | Entered Level 4 of the Swamp
 21632 | Swamp:4  | Found a frozen archway.
 21643 | Swamp:4  | Reached XP level 18. HP: 166/166 MP: 15/25
 21690 | IceCv    | Entered an ice cave
 22068 | IceCv    | Found a viscous altar of Jiyva.
 22074 | IceCv    | Received a gift from Okawaru
 22571 | Swamp:4  | Received a gift from Okawaru
 22574 | Swamp:4  | Noticed the 27-headed Lernaean hydra
 22584 | Swamp:4  | Killed the 22-headed Lernaean hydra
 22735 | Swamp:4  | Got a decaying rune of Zot
 23187 | Snake:1  | Entered Level 1 of the Snake Pit
 23804 | Snake:2  | Found Ofokol's Jewellery Shoppe.
 23854 | Snake:2  | Bought the amulet "Nusatexe" {Will+ Regen+} for 681 gold
                  | pieces
 23916 | Snake:2  | Received a gift from Okawaru
 24177 | Snake:2  | Identified the +5 shortbow "Jeunun" {flame, rElec rN+
                  | Str+2}
 24321 | Snake:2  | Found Nitud's General Store.
 24329 | Snake:2  | Bought a potion of haste for 180 gold pieces
 24443 | Snake:2  | Noticed Louise
 24471 | Snake:2  | Killed Louise
 25245 | Snake:3  | Found Eggona's Distillery.
 25269 | Snake:3  | Found Amitucru's Armour Emporium.
 25269 | Snake:3  | Found Qesm's Jewellery Shoppe.
 25274 | Snake:3  | Bought a potion of haste for 130 gold pieces
 25274 | Snake:3  | Found Nufia's General Store.
 25280 | Snake:3  | Bought a scroll of teleportation for 48 gold pieces
 25283 | Snake:3  | Bought the ring "Rump" {rPois Will+} for 506 gold pieces
 25962 | Snake:4  | Entered Level 4 of the Snake Pit
 26146 | Snake:4  | Received a gift from Okawaru
 26226 | Snake:4  | Noticed Vashnia
 26240 | Snake:4  | Killed Vashnia
 26241 | Snake:4  | Reached XP level 19. HP: 154/177 MP: 27/27
 26825 | Snake:4  | Received a gift from Okawaru
 27114 | Snake:4  | Received a gift from Okawaru
 27160 | Snake:4  | Got a serpentine rune of Zot
 27440 | D:13     | Upgraded the game from 0.31-a0-995-g04711c9635 to
                  | 0.31-a0-1005-gfbdfbacc72
 27979 | D:13     | Killed Deit's ghost
 28143 | D:14     | Found a runed translucent door.
 28271 | D:14     | Identified the +0 plate armour of the Yeti {rC+}
 28519 | D:14     | Found a gate to the Vaults.
 28863 | Vaults:1 | Entered Level 1 of the Vaults
 28889 | Vaults:1 | Received a gift from Okawaru
 29378 | Vaults:1 | Found a runed translucent gate.
 29378 | Vaults:1 | Found a runed translucent gate.
 29378 | Vaults:1 | Found a runed translucent gate.
 29380 | Vaults:1 | Noticed JaaP's ghost (adept GnEE)
 29435 | Vaults:1 | Noticed an ancient lich
 29458 | Vaults:1 | Killed an ancient lich
 29458 | Vaults:1 | Received a gift from Okawaru
 29481 | Vaults:1 | Reached XP level 20. HP: 173/189 MP: 29/29
 29779 | Vaults:1 | Received a gift from Okawaru
 30109 | Vaults:1 | Identified the +6 rapier of Wihykleu {flame, *Noise Str+2
                  | SInv}
 30109 | Vaults:1 | Identified the ring "Weghur Epro" {EV+5 Str+3 Int+3 Dex+7
                  | Slay-5}
 30146 | Vaults:1 | Killed JaaP's ghost
 30234 | Vaults:1 | Identified the +2 pair of boots of Stoicism {*Slow rF+
                  | Dex+8 Slay-2}
 30320 | Vaults:2 | Received a gift from Okawaru
 30570 | Vaults:2 | Found a staircase to the Crypt.
 31225 | Vaults:3 | Received a gift from Okawaru
 31264 | Vaults:3 | Noticed a golden dragon
 31275 | Vaults:3 | Killed a golden dragon
 31289 | Vaults:3 | Reached skill level 1 in Throwing
 31549 | Vaults:3 | Received a gift from Okawaru
 31585 | Vaults:3 | Identified the +1 cloak "Ojemnuq" {Rampage rF+}
 31630 | Vaults:3 | Reached XP level 21. HP: 194/200 MP: 30/30
 32316 | Vaults:4 | Reached skill level 10 in Evocations
 32515 | Vaults:5 | Entered Level 5 of the Vaults
 32541 | Vaults:5 | Received a gift from Okawaru
 32573 | Arena    | Entered the Arena
 32986 | Vaults:5 | Received a gift from Okawaru
 33458 | Vaults:5 | Identified the +1 broad axe of Angaafux {freeze, rC- rN+
                  | Dex+2 SInv Stlth+}
 33500 | Vaults:5 | Reached skill level 5 in Throwing
 33503 | Vaults:5 | Received a gift from Okawaru
 33504 | Vaults:5 | Reached XP level 22. HP: 193/211 MP: 31/31
 33641 | Vaults:5 | Noticed a golden dragon
 33659 | Vaults:5 | Killed a golden dragon
 33739 | Vaults:5 | Found Ocwibuot's Magic Scroll Shoppe.
 33759 | Vaults:5 | Bought a scroll of teleportation for 69 gold pieces
 33759 | Vaults:5 | Bought a scroll of teleportation for 69 gold pieces
 33780 | Vaults:5 | Found Eheyhon's Distillery.
 33785 | Vaults:5 | Bought a potion of mutation for 136 gold pieces
 33785 | Vaults:5 | Bought 2 potions of mutation for 272 gold pieces
 33785 | Vaults:5 | Bought a potion of mutation for 136 gold pieces
 33785 | Vaults:5 | Bought a potion of cancellation for 136 gold pieces
 33795 | Vaults:5 | Found Qiyledad's Magic Scroll Shoppe.
 33808 | Vaults:5 | Bought a scroll of teleportation for 48 gold pieces
 33808 | Vaults:5 | Bought a scroll of teleportation for 48 gold pieces
 33815 | Vaults:5 | Found Kuosk's Distillery.
 33815 | Vaults:5 | Found Usionlip's Distillery.
 33820 | Vaults:5 | Bought a potion of heal wounds for 90 gold pieces
 33820 | Vaults:5 | Bought 2 potions of haste for 360 gold pieces
 33826 | Vaults:5 | Found Qasumuss's Distillery.
 33827 | Vaults:5 | Bought a potion of cancellation for 152 gold pieces
 33844 | Vaults:5 | Found Ratebb's Distillery.
 33848 | Vaults:5 | Bought a potion of heal wounds for 95 gold pieces
 33929 | Vaults:5 | Found Pecsawes's Jewellery Shoppe.
 33937 | Vaults:5 | Bought the ring of the Noxious God {Will+ rCorr Str+6
                  | Int+2} for 1168 gold pieces
 33947 | Vaults:5 | Got a silver rune of Zot
 34049 | Vaults:5 | Found Voughal's Jewellery Shop.
 34159 | Vaults:5 | Found Yschos's Jewellery Shoppe.
 34769 | Crypt:3  | Identified the of Gouclyam
 34769 | Crypt:3  | Identified the "Icsa"
 34769 | Depths:1 | Entered Level 1 of the Depths
 34867 | Depths:2 | Found a gateway to Hell.
 34891 | Depths:3 | Identified the +1 robe of Vlad {rN+ Str+4 Int-4 Dex+4}
 34941 | Depths:3 | Received a gift from Okawaru
 34976 | Depths:3 | Noticed a juggernaut
 34992 | Depths:3 | Killed a juggernaut
 35392 | Depths:4 | Entered Level 4 of the Depths
 35591 | Depths:4 | Received a gift from Okawaru
 35622 | Depths:4 | Found a broken altar of Ashenzari.
 35638 | Depths:4 | Found a one-way gateway to a ziggurat.
 35792 | Depths:4 | Found Boanoarph's Distillery.
 36031 | Depths:4 | Found a hazy altar of Hepliaklqana.
 36040 | Depths:4 | Noticed a golden dragon
 36553 | Vaults:5 | Bought the ring "Voxok" {rPois rN+ Will++ Slay+5} for 1191
                  | gold pieces
 36840 | Depths:1 | Received a gift from Okawaru
 37034 | Depths:1 | Reached XP level 23. HP: 216/222 MP: 32/32
 37288 | Depths:4 | Found a gate to the Realm of Zot.
 37313 | Depths:4 | Bought a potion of haste for 120 gold pieces
 37424 | Zot:1    | Entered Level 1 of the Realm of Zot
 37606 | Zot:1    | Received a gift from Okawaru
 38195 | Zot:2    | Received a gift from Okawaru
 38310 | Zot:3    | Reached skill level 15 in Dodging
 38437 | Zot:3    | Found a transporter.
 38550 | Zot:4    | Noticed a curse toe
 38557 | Zot:4    | Killed a curse toe
 38569 | Zot:4    | Acquired the +2 hat of Courage {rF+ Int+2}
 38595 | Zot:5    | Entered Level 5 of the Realm of Zot
 38659 | Zot:4    | Received a gift from Okawaru
 38753 | Arena    | Entered the Arena
 39058 | Zot:5    | Noticed an orb of fire
 39058 | Zot:5    | Noticed a Killer Klown
 39058 | Zot:5    | Noticed an ancient lich
 39058 | Zot:5    | Noticed an orb of fire
 39058 | Zot:5    | Noticed an orb of fire
 39059 | Zot:5    | Gained mutation: You are frail. (-10% HP) [an orb of fire]
 39062 | Zot:5    | Got the Orb of Zot
 39239 | Depths:4 | Noticed an ancient lich
 39241 | Depths:4 | Noticed Luwewnoidd the pandemonium lord
 39760 | D:$      | Escaped with the Orb!

Illustrated notes

Levels and vault maps discovered:
D:1:      shiori_arrival_oz, layout_loops_ring
D:2:      layout_basic, hellmonk_ecumenical_altar_heavens_door, basic_altar,
          uniq_terence
D:3:      layout_loops_ring, nicolae_overflow_ecumenical_swirl, hellmonk_no_cap,
          uniq_crazy_yiuf_cottage, uniq_ijyb, uniq_grinder
D:4:      layout_rooms, lemuel_coloured_pillars_altar,
          minmay_temple_entry_sparse_star, serial_aquarium,
          aquarium_bridge_square [aquarium_subvault_bridge,
          aquarium_subvault_wall, aquarium_subvault_bridge,
          aquarium_subvault_bridge], aquarium_window_2, aquarium_window_1,
          aquarium_view_2e, aquarium_view_2d, aquarium_balcony_5b
D:5:      layout_cave_pools
D:6:      layout_rooms
D:7:      layout_rooms, serial_shops, nicolae_shop_real_fake_doors,
          minivault_27, chequers_jeans, moated_statue, minmay_three_doors
D:8:      layout_gridville, serial_shops, shop, enter_bailey_2
D:9:      layout_basic, guppyfry_shop_venom
D:10:     layout_irregular_city, okawaru_gym_becter, minmay_orc_entry_guard_dogs
D:11:     layout_cave_pools, lair_entry_dummy, nzn_ghost_randoct
D:12:     layout_roguey
D:13:     minmay_isolated_rectangles_in_corner, layout_loops_ring,
          gammafunk_ghost_mausoleum
D:14:     layout_stronghold, david_vaults_5, minmay_staircase_windowed_large,
          minmay_hidden_floor
D:15:     gammafunk_depths_entry_grave, layout_rooms
Temple:   hellmonk_temple_of_storms
Lair:1:   layout_roguey, gammafunk_ghost_necromancy, minmay_hedge_maze,
          chequers_serial_rivers_small_a, grunt_megastairs_1
Lair:2:   layout_regular_city, mainiacjoe_swamp_entry_angry_trees, uniq_fannar
Lair:3:   layout_roguey, guppyfry_snake_entry_island, uniq_nergalle, uniq_kirke
Lair:4:   layout_roguey, grunt_megastairs_5, uniq_rupert
Lair:5:   hellmonk_lair_end_abyssal_woods, layout_gridlike,
          dpeg_slime_entry_corner, nicolae_volcano_entry_two_sided,
          grunt_megastairs_2
Swamp:1:  layout_basic_swamp, evilmike_swamp_ruin_rubble_2, swamp_pool_4,
          uniq_roxanne
Swamp:2:  layout_falls_marsh, evilmike_swamp_ruin_house_1, swamp_pool_4
Swamp:3:  layout_falls_marsh, hangedman_swamp_ruin_hall,
          infiniplex_staircase_pool_2, uniq_mara
Swamp:4:  grunt_swamp_rune_castle, layout_basic_swamp,
          portal_ice_cave_entry_ice_statue_one, nicolae_swamp_decorative_isthmus
Snake:1:  layout_cave_pods, grunt_megastairs_4
Snake:2:  layout_rooms, serial_shops, nicolae_shop_advertising_works
          [nicolae_subvault_shop_adworks], nicolae_snake_gridmaze_zigzag,
          grunt_ministairs_5, nicolae_snake_biting_tails,
          minmay_shop_grid_forest, beargit_elvish_explorers, uniq_azrael,
          uniq_louise
Snake:3:  cheibrodos_forgotten_conduit, layout_cave_town, minmay_shoptagon
Snake:4:  snake_pit_salamanders_mu, layout_basic, nrook_guardian_serpent_double,
          lemuel_fruit_tree, uniq_vashnia
Orc:1:    layout_caves, serial_shops, nicolae_square_shop, uniq_urug,
          uniq_harold
Orc:2:    st_orc_town, layout_caves, special_room, basic_altar, uniq_saint_roka,
          uniq_erolcha, uniq_snorg
Vaults:1: biasface_ghost_orc_armoury, nicolae_vaults_closet_pinwheel_1,
          nicolae_vaults_you_can_take_it_with_you,
          nicolae_vaults_oval_intersection,
          nicolae_vaults_offset_grid_hallway_3, nicolae_vaults_angled_halls,
          v_misc_25, nicolae_vaults_yaktaur_gun_rack, vaults_room_grid,
          nicolae_vaults_house_2, dpeg_vaults_monster_box,
          nicolae_vaults_stepped_doors, nicolae_vaults_house_2,
          nicolae_vaults_weapon_check, layout_vaults_omnicross, serial_shops
Vaults:2: hangedman_vaults_corner_blocks, minmay_guarded_unrand_guard,
          nicolae_vaults_network_barrier, nicolae_vaults_diamond_1,
          minmay_crypt_entry_simple_sparse, layout_vaults_quadrants, uniq_norris
Vaults:3: nicolae_vaults_octagons, nicolae_vaults_door_testing_chamber,
          vaults_room_fancy_cross, nicolae_vaults_hexular_roomagon,
          hangedman_vaults_stream, nicolae_vaults_little_squares_4, v_pattern_3,
          nicolae_vaults_variable_pillar_hall,
          nicolae_vaults_stairing_the_circle, vaults_room_fancy_cross,
          nicolae_vaults_twisting_passages, nicolae_vaults_closet_pinwheel_5,
          nicolae_vaults_little_squares_4, layout_vaults_maze_bifur
Vaults:4: ebering_ghost_xom, grunt_vaults_trifunnel,
          nicolae_vaults_double_plus_3, nicolae_vaults_circle_grid_b,
          nicolae_vaults_tetromino_Z_2, nicolae_vaults_windows_and_doors_thing,
          vaults_room_large_hall, hangedman_vaults_restitches, v_misc_26,
          vaults_room_fours, layout_vaults_big_room
Vaults:5
Depths:1: layout_gridville, hell_entry, serial_shops, bzr_entry_gold,
          serial_library_regret_index_small_wings, kennysheep_flooded_box,
          serial_sigils_hangedman_writhe, lemuel_flame_loot_1
Depths:2: hangedman_stitches_corridor, layout_basic, rand_demon_pan_entry_4,
          nrook_mini_backslash, hell_entry, infiniplex_staircase_split_hallway
Depths:3: minmay_inner_zag, layout_gridlike, abyss_entry,
          grunt_hell_entry_dis_mu, amcnicky_mini_rare_corridor_liquid,
          hellmonk_scarab_ruin
Depths:4: grunt_zot_entry_alcove, layout_cave_shapes, enter_ziggurat_a,
          serial_shops, shop, cheibrodos_ashenzari_chains,
          pf_hell_entry_tar_spiral, nicolae_hepliaklqana_hazy_memory
Zot:1:    layout_misc_corridors, hangedman_zot_diagonal_lockstep,
          nicolae_rock_paper_scissors
Zot:2:    layout_basic, regret_index_zotdec_plus, regret_index_zotdec_icy_dp
Zot:3:    layout_gridlike, bh_zot_levy_curve, grunt_ministairs_7,
          serial_nicolae_subway, nicolae_sub_station_crystal,
          nicolae_sub_station_metal, nicolae_sub_station_stone
Zot:4:    layout_gridlike, nrook_zot_tub
Zot:5:    layout_misc_corridors

Skill      XL: |  1  2  3  4  5  6  7  8  9 10 11 12 13 14 15 16 17 18 19 20 21 22 23 |
---------------+----------------------------------------------------------------------+-----
Fighting       | 4 5 6 7 8 10 11 12 13 14 16 17 18 19 20 21 22 | 22.7
Axes           | 3 4 5 7 8 9 11 12 13 15 16 17 18 | 18.0
Armour         | 4 5 6 7 9 10 11 12 13 14 15 17 18 19 20 21 22 | 22.7
Shields        | 4 5 6 7 8 10 11 12 13 14 15 17 18 19 20 21 22 | 22.6
Dodging        | 1 2 3 4 5 6 7 8 9 10 11 12 13 14 15 | 15.3
Invocations    | 3 5 7 9 10 12 13 14 | 14.2
Evocations     | 2 3 4 5 7 8 9 10 11 | 11.9
Throwing       | 2 5 6 8 |  8.9

Action                     |  1- 3 |  4- 6 |  7- 9 | 10-12 | 13-15 | 16-18 | 19-21 | 22-24 || total
---------------------------+-------+-------+-------+-------+-------+-------+-------+-------++-------
  Melee: War axe           |    82 |    45 |   200 |    43 |       |       |       |       ||   370
         Headbutt          |    10 |    14 |    42 |   110 |    74 |   303 |   495 |   348 ||  1396
         Broad axe         |       |       |       |   399 |   358 |  1371 |  1441 |  1025 ||  4594
  Throw: Dart              |       |       |       |     6 |     3 |       |       |       ||     9
 Invoke: Heroism           |       |       |       |     4 |       |       |       |       ||     4
         Receive Weapon    |       |       |       |       |     1 |       |       |       ||     1
         Receive Armour    |       |       |       |       |     1 |       |       |       ||     1
         Duel              |       |       |       |       |       |       |     1 |     1 ||     2
  Evoke: Wand              |       |       |       |       |     2 |     1 |     3 |       ||     6
         Phial of floods   |       |       |       |       |     2 |       |       |       ||     2
    Use: Scroll            |     2 |       |     6 |    18 |     7 |     8 |     3 |    18 ||    62
         Potion            |       |     1 |     3 |     5 |     3 |       |     2 |     3 ||    17
   Stab: Distracted        |       |       |       |     1 |       |       |       |       ||     1
         Confused          |       |       |       |       |       |     1 |       |       ||     1
 Armour: Scale mail        |    26 |       |       |       |       |       |       |       ||    26
         Ring mail         |    22 |    32 |    31 |       |       |       |       |       ||    85
         Plate armour      |       |       |    93 |   381 |    40 |       |       |       ||   514
         Crystal plate arm |       |       |       |       |   198 |   761 |   518 |   498 ||  1975
  Dodge: Dodged            |    39 |    29 |   156 |   279 |   192 |   355 |   398 |   295 ||  1743
  Block: Buckler           |    12 |     9 |    44 |   132 |       |       |       |       ||   197
         Kite shield       |       |       |       |    22 |   295 |   591 |       |       ||   908
         Tower shield      |       |       |       |       |       |    69 |   894 |   732 ||  1695
         Reflection        |       |       |       |       |       |       |    61 |    27 ||    88

Table legend: (Time is in decaauts)
 A = Elapsed time spent in this place.
 B = Non-inter-level travel time spent in this place.
 C = Inter-level travel time spent in this place.
 D = Time resting spent in this place.
 E = Time spent auto-exploring this place.
 F = Levels seen in this place.
 G = Mean time per level.
                   A        B        C        D        E       F      G
               +--------+--------+--------+--------+--------+-----+--------+
         Total |  39182 |  34892 |   4290 |   1786 |  24926 |  50 |  783.6 |
       Dungeon |  13855 |  12307 |   1548 |    555 |   9472 |  15 |  923.7 |
        Temple |      1 |      1 |      0 |      0 |      0 |   1 |    1.0 |
          Lair |   6018 |   5271 |    747 |      0 |   4125 |   5 | 1203.6 |
         Swamp |   3201 |   2789 |    412 |    118 |   1960 |   4 |  800.2 |
     Snake Pit |   3642 |   3345 |    297 |      0 |   2703 |   4 |  910.5 |
  Orcish Mines |   1695 |   1618 |     77 |    152 |   1125 |   2 |  847.5 |
        Vaults |   5576 |   4919 |    657 |     70 |   3562 |   5 | 1115.2 |
        Depths |   2243 |   1835 |    408 |    484 |    847 |   4 |  560.8 |
           Zot |   1474 |   1333 |    141 |    144 |    695 |   5 |  294.8 |
        Bailey |    486 |    486 |      0 |    155 |    201 |   1 |  486.0 |
      Ice Cave |    598 |    598 |      0 |      0 |    151 |   1 |  598.0 |
       Volcano |    346 |    346 |      0 |    108 |     83 |   1 |  346.0 |
         Arena |     43 |     43 |      0 |      0 |      0 |   2 |   21.5 |
               +--------+--------+--------+--------+--------+-----+--------+

Top non-repeatable levels by time:
    D:14: 1786 daAuts
Vaults:5: 1670 daAuts
Vaults:1: 1349 daAuts
  Lair:5: 1296 daAuts
  Lair:1: 1272 daAuts
    D:11: 1270 daAuts
  Lair:3: 1190 daAuts
Vaults:3: 1183 daAuts
 Snake:4: 1182 daAuts
Depths:3: 1176 daAuts
  Lair:2: 1143 daAuts
  Lair:4: 1116 daAuts
   Orc:2: 1073 daAuts
     D:9: 1062 daAuts
     D:8: 1049 daAuts
